 Dungeon Crawl Stone Soup version 0.24-a0-415-g6d73c25c48 (webtiles) character file.

Game seed: 10181029464247493136

424 Gargoyl the Skirmisher (level 6, -12/53 HPs)
             Began as a Centaur Abyssal Knight on June 8, 2019.
             Was a Priest of Lugonu.
             Mangled by an ogre
             ... wielding a +0 giant spiked club
              (20 damage)
             ... on level 4 of the Dungeon.
             The game lasted 00:07:04 (4331 turns).

Gargoyl the Skirmisher (Centaur Abyssal Knight)     Turns: 4331, Time: 00:07:05

Health: -12/53     AC: 10    Str: 15      XL:     6   Next: 64%
Magic:  8/8        EV:  5    Int:  9 (11) God:    Lugonu [***...]
Gold:   242        SH:  0    Dex: 10      Spells: 5/5 levels left

rFire    . . .     SeeInvis .   h - +2 hand axe (vamp)
rCold    + . .     Gourm    .   (no shield)
rNeg     . . .     Faith    .   g - +1 chain mail
rPois    .         Spirit   .   (no helmet)
rElec    .         Reflect  .   r - +0 cloak
rCorr    .         Harm     .   (no gloves)
MR       .....                  (no barding)
Stlth    ..........             (no amulet)
HPRegen  0.17/turn              m - ring of protection from cold
MPRegen  0.11/turn              (no ring)

@: very quick
A: large, hooves 3, deformed body, speed 2, tough skin 3
a: Depart the Abyss, Bend Space, Banish, Renounce Religion


You were on level 4 of the Dungeon.
You worshipped Lugonu.
Lugonu was most pleased with you.
You were not hungry.

You visited 1 branch of the dungeon, and saw 5 of its levels.
You visited the Abyss 1 time.

You collected 242 gold pieces.

Inventory:

Hand Weapons
 a - a +1 hand axe
 h - a +2 vampiric hand axe (weapon)
 n - a +4 hand axe
Armour
 g - a +1 chain mail (worn)
 r - a +0 cloak (worn)
Jewellery
 m - a ring of protection from cold (left hand)
Wands
 d - a wand of iceblast (8)
Scrolls
 j - 2 scrolls of identify
 k - a scroll of amnesia
 o - 2 scrolls of remove curse
 t - a scroll of fear
Potions
 b - a potion of brilliance
 e - 3 potions of agility
 f - a potion of flight {unknown}
 i - 2 potions of curing
 l - a potion of cancellation {unknown}
 p - 2 potions of heal wounds {unknown}
 q - 2 potions of mutation {unknown}
 s - a potion of lignification {unknown}
 u - a potion of resistance {unknown}
Comestibles
 c - 8 rations


   Skills:
 + Level 4.5 Fighting
 + Level 3.3 Axes
 * Level 3.0 Armour
 * Level 1.7 Dodging
 * Level 3.4 Invocations


You had 5 spell levels left.
You didn't know any spells.
Your spell library was empty.

Dungeon Overview and Level Annotations

Branches:
Dungeon (5/15)
 Temple: D:4-7

Altars:


Innate Abilities, Weirdness & Mutations

You have hooves in place of feet.
Armour fits poorly on your strangely shaped body.
You cover ground very quickly.
You have extremely tough skin. (AC +3)


Message History

You barely miss the gnoll.
The gnoll is heavily wounded.
The gnoll barely misses you.
You barely miss the gnoll. You kick the gnoll.
You kill the gnoll!
Lugonu accepts your kill.
Your chain mail prevents you from hitting the ogre.
The gnoll shouts!
The ogre hits you with a +0 giant spiked club!!
The gnoll hits you but does no damage.
Your chain mail prevents you from hitting the ogre.
Your kick misses the ogre.
The gnoll hits you from afar with a +0 halberd!
The ogre hits you with a +0 giant spiked club.
You hit the ogre.
The ogre is moderately wounded.
The gnoll hits you from afar with a +0 halberd!
* * * LOW HITPOINT WARNING * * *
The ogre hits you with a +0 giant spiked club!!
You die...

###. ## ##... .. ###### #.... #.
#....# #.... #.## #....# #....
..# #.<..# #######. #.# ######
#....# #....##.
#.######....####....#####....##.
#>.)...)...g.gO@...)....'.......
##.######....#############....##.
.................................
..#.....(#####....)#######....##.
...........# #...S.# #######.
...g.....#.###.....# ########.
.........#.........# #.....##.
#####....#.....##########.....##.
#....#.....'........'........


You could see an ogre and 2 gnolls.

Vanquished Creatures
  A scorpion (D:5)
  A hound (D:4)
  A gnoll shaman (D:4)
  An orc priest (D:3)
  An iguana (D:4)
  3 gnolls (D:4)
  9 adders
  2 worms
  A leopard gecko (D:4)
  5 orcs
  2 ball pythons
  15 bats
  9 giant cockroaches
  5 goblins
  3 hobgoblins (D:1)
  12 jackals
  8 kobolds
  5 frilled lizards
  A jackal zombie (D:4)
  11 rats
96 creatures vanquished.

Vanquished Creatures (collateral kills)
  A large abomination (Abyss:2)
1 creature vanquished.

Vanquished Creatures (others)
  A starspawn tentacle (Abyss:2)
  5 toadstools (D:1)
6 creatures vanquished.

Grand Total: 103 creatures vanquished

Notes
Turn   | Place    | Note
-------+----------+-------------------------------------------
     0 | Abyss:1  | Gargoyl the Centaur Abyssal Knight began the quest for the
                  | Orb.
     0 | Abyss:1  | Reached XP level 1. HP: 19/19 MP: 2/2
    66 | Abyss:2  | Noticed a large abomination
    77 | Abyss:2  | Killed a large abomination
    77 | Abyss:2  | Reached skill level 4 in Fighting
    77 | Abyss:2  | Reached XP level 2. HP: 27/27 MP: 3/3
    77 | Abyss:2  | Reached XP level 3. HP: 33/33 MP: 4/4
    88 | Abyss:2  | Noticed a wretched star
   107 | Abyss:2  | Noticed a tentacled starspawn
   109 | D:1      | Escaped the Abyss
   391 | D:1      | Reached * piety under Lugonu
   619 | D:1      | Reached XP level 4. HP: 37/40 MP: 5/5
   920 | D:1      | Reached skill level 1 in Dodging
  1173 | D:2      | Reached ** piety under Lugonu
  2299 | D:3      | Reached XP level 5. HP: 46/46 MP: 7/7
  3283 | D:4      | Reached *** piety under Lugonu
  3291 | D:4      | Noticed an ogre
  3315 | D:5      | Entered Level 5 of the Dungeon
  3328 | D:5      | Reached XP level 6. HP: 6/53 MP: 8/8
  4331 | D:4      | Mangled by an ogre

Levels and vault maps discovered:
D:1:      ldierk_walled_garden, layout_basic
D:2:      layout_basic, minmay_unequal
D:3:      layout_basic, first_ration
D:4:      layout_basic, minmay_temple_entry_poolview
D:5:      layout_cave_pools, grunt_dithmenos_smoke,
          nicolae_overflow_hidden_temple, chequers_arboretum

Skill      XL: |  1  2  3  4  5  6 |
---------------+-------------------+-----
Fighting       | 4 |  4.5
Axes           | 2 3 |  3.3
Dodging        | 1 |  1.7
Armour         | 2 3 |  3.0
Invocations    | 3 |  3.4

Action                   |  1- 3 |  4- 6 || total
-------------------------+-------+-------++-------
Melee: Hand axe          |    27 |   264 ||   291
       Kick              |     5 |    52 ||    57
Invok: Depart the Abyss  |     1 |       ||     1
Evoke: Wand              |     2 |       ||     2
  Use: Scroll            |     2 |    11 ||    13
       Potion            |       |     1 ||     1
  Eat: Chunk             |       |     7 ||     7
       Ration            |       |     1 ||     1
Armor: Chain mail        |    22 |   238 ||   260
       Leather armour    |    21 |       ||    21
Dodge: Dodged            |    23 |    73 ||    96

Table legend:
 A = Non-vault XP
 B = Vault XP
 C = Vault XP percentage of total XP
 D = Non-vault monster count
 E = Vault monster count
 F = Vault count percentage of total count
                 A         B        C        D         E       F
            +---------+---------+-------+---------+---------+-------
      Total |     603 |       3 |   0.5 |      95 |       2 |   2.1
            +---------+---------+-------+---------+---------+-------
        D:1 |      53 |       0 |   0.0 |      33 |       0 |   0.0
        D:2 |      55 |       3 |   5.2 |      20 |       2 |   9.1
        D:3 |     144 |       0 |   0.0 |      26 |       0 |   0.0
        D:4 |     204 |       0 |   0.0 |      14 |       0 |   0.0
        D:5 |      70 |       0 |   0.0 |       1 |       0 |   0.0
    Abyss:2 |      77 |       0 |   0.0 |       1 |       0 |   0.0
            +---------+---------+-------+---------+---------+-------
